 Dungeon Crawl Stone Soup version 0.17-a0-1951-g62301d3 (webtiles) character file.

2096 Ordine the Cruncher (level 9, 0/90 HPs)
             Began as a Minotaur Gladiator on Oct 3, 2015.
             Slain by a killer bee (1 damage)
             ... on level 7 of the Dungeon.
             The game lasted 00:15:41 (5169 turns).

Ordine the Cruncher (Minotaur Gladiator)            Turns: 5169, Time: 00:15:41

Health: 0/90       AC: 13    Str: 19    XL:     9   Next: 7%
Magic:  8/8        EV:  8    Int: 10    God:
Gold:   327        SH:  0    Dex: 15    Spells: 0 memorised, 8 levels left

rFire  + . .     SeeInvis .     a - +0 quarterstaff
rCold  . . .     Clarity  +     h - -2 chain mail (curse)
rNeg   . . .     SustAt   .     (no shield)
rPois  .         Gourm    .     c - +0 hat
rElec  .         Spirit   .     (no cloak)
rCorr  .         Warding  .     l - +0 pair of gloves
rMut   .         Stasis   .     (no boots)
MR     .....                    (no amulet)
Stlth  ..........               q - +4 ring of protection
                                g - ring of stealth

@: brilliant, not resistant to hostile enchantments, extremely unstealthy
A: retaliatory headbutt, hooves 1, horns 2, thin metallic scales 1, blink,
clarity, fire resistance 1, robust 1
a: Blink


You were on level 7 of the Dungeon.
You were not hungry.

You visited 1 branch of the dungeon, and saw 7 of its levels.

You collected 327 gold pieces.

Inventory:

Hand weapons
 a - a +0 quarterstaff (weapon)
Missiles
 d - 4 throwing nets (quivered)
Armour
 c - a +0 hat (worn)
 h - a cursed -2 chain mail (worn)
 l - a +0 pair of gloves (worn)
 v - a cursed +0 plate armour
Jewellery
 g - a ring of stealth (left hand)
 q - a +4 ring of protection (right hand)
Magical devices
 x - a wand of teleportation (5)
Scrolls
 j - a scroll of amnesia
 w - a scroll of fog
 y - a scroll of magic mapping
Potions
 b - a potion of berserk rage
 i - 5 potions of curing
 k - a potion of might {unknown}
 n - 2 potions of magic {unknown}
 p - a potion of brilliance
 s - 2 potions of poison {unknown}
 t - a potion of heal wounds {unknown}
 u - a potion of flight {unknown}
 A - 2 potions of lignification
Books
 f - a book of Debilitation

   Spells                             Type                      Level
   a - Corona                         Hexes                        1
   b - Slow                           Hexes                        2
   c - Gell's Gravitas                Hexes/Translocation          3
   d - Inner Flame                    Hexes/Fire                   3
   e - Cause Fear                     Hexes                        4
   f - Leda's Liquefaction            Hexes/Earth                  4
Comestibles
 e - 4 bread rations
 m - a meat ration
 o - 5 chunks of flesh
 r - a royal jelly


   Skills:
 + Level 8.4 Fighting
 * Level 12.0 Staves
 - Level 2.0 Throwing
 - Level 3.2 Dodging


You had 8 spell levels left.
You didn't know any spells.

Dungeon Overview and Level Annotations

Branches:
Dungeon (7/15)
 Temple: D:4-7

Altars:
Elyvilon
Nemelex Xobeh
Qazlal
Trog
Zin
The Shining One


Innate Abilities, Weirdness & Mutations

You reflexively headbutt those who attack you in melee.
You have a pair of horns on your head.
You have large cloven feet.
You are partially covered in thin metallic scales (AC +2).
You can translocate small distances at will.
You possess an exceptional clarity of mind.
Your flesh is heat resistant.
You are robust (+10% HP).


Message History

The killer bee stings you but does no damage. x2
The killer bee barely misses you. The killer bee closely misses you.
The killer bee stings you.
* * * LOW HITPOINT WARNING * * *
The killer bee barely misses you. The killer bee stings you.
* * * LOW HITPOINT WARNING * * *
The killer bee closely misses you. The killer bee stings you.
* * * LOW HITPOINT WARNING * * *
The killer bee stings you but does no damage. x2
The killer bee stings you.
* * * LOW HITPOINT WARNING * * *
The killer bee stings you but does no damage. x2
There is a stone staircase leading up, spattered with blood here.
Drink which item? (? for menu, Esc to quit)
It was a potion of brilliance.
You feel clever all of a sudden.
The killer bee stings you but does no damage.
The killer bee barely misses you. The killer bee stings you.
You die...

#.##......##
#.#........##
#...........#
#.......[...##
##...........##
#.............#
##.....y......#
#/...yyy.....#
#...yy@.......#
#............##
#..##.########
#..#### #...
..## .###


You could see 6 killer bees.

Vanquished Creatures
  The ghost of Ordine the Cruncher, an average MiGl (D:4)
  Prince Ribbit (D:5)
  Eustachio (D:5)
  Menkaure (D:6)
  An orc warrior (D:6)
  2 phantoms
  A centaur (D:6)
  A black bear (D:6)
  3 ogres
  Blork the orc (D:5)
  A giant frog (D:2)
  A scorpion (D:6)
  A quasit (D:5)
  An orc priest (D:4)
  2 hounds (D:4)
  3 orc wizards (D:3)
  3 worker ants
  A hound zombie (D:5)
  A hound skeleton (D:4)
  8 adders
  4 gnolls (D:4)
  2 shadow imps
  2 oozes (D:1)
  2 adder skeletons
  4 worms
  5 giant geckos
  14 orcs
  11 goblins
  10 hobgoblins
  2 quokkas
  11 bats
  4 giant cockroaches
  6 giant newts
  A goblin zombie (D:6)
  8 kobolds
  A quokka zombie (D:6)
  10 rats
132 creatures vanquished.

Vanquished Creatures (others)
  A giant cockroach (D:4)
1 creature vanquished.

Grand Total: 133 creatures vanquished

Notes
Turn   | Place    | Note
--------------------------------------------------------------
     0 | D:1      | Ordine the Minotaur Gladiator began the quest for the Orb.
     0 | D:1      | Reached XP level 1. HP: 18/18 MP: 0/0
    50 | D:1      | Reached skill level 4 in Staves
    50 | D:1      | Reached XP level 2. HP: 18/25 MP: 1/1
   340 | D:1      | Reached XP level 3. HP: 27/31 MP: 2/2
   645 | D:2      | Reached skill level 5 in Staves
   878 | D:2      | Found a glowing golden altar of the Shining One.
   878 | D:2      | Found a glowing silver altar of Zin.
   879 | D:2      | Found a white marble altar of Elyvilon.
   971 | D:2      | Reached XP level 4. HP: 36/38 MP: 3/3
   987 | D:2      | Gained mutation: You can translocate small distances at will. [potion of mutation]
   987 | D:2      | Gained mutation: You have large cloven feet. [potion of mutation]
   987 | D:2      | Gained mutation: Your flesh is heat resistant. [potion of mutation]
   988 | D:2      | Gained mutation: You possess an exceptional clarity of mind. [potion of mutation]
   988 | D:2      | Gained mutation: You are robust (+10% HP). [potion of mutation]
   988 | D:2      | Gained mutation: You are partially covered in thin metallic scales (AC +2). [potion of mutation]
  1031 | D:3      | Noticed a phantom
  1033 | D:3      | Noticed a giant frog
  1157 | D:2      | Killed a giant frog
  1157 | D:2      | Reached skill level 6 in Staves
  1157 | D:2      | Reached XP level 5. HP: 38/50 MP: 4/4
  1203 | D:2      | Killed a phantom
  1203 | D:2      | Reached skill level 7 in Staves
  1394 | D:3      | Reached XP level 6. HP: 53/58 MP: 5/5
  1786 | D:3      | Found a stormy altar of Qazlal.
  1786 | D:3      | Found a sparkling altar of Nemelex Xobeh.
  1837 | D:4      | Noticed Ordine's ghost (average MiGl)
  2127 | D:4      | Reached skill level 5 in Fighting
  2140 | D:4      | Reached skill level 8 in Staves
  2198 | D:4      | Reached XP level 7. HP: 28/67 MP: 6/6
  2497 | D:4      | Killed Ordine's ghost
  2497 | D:4      | Reached skill level 9 in Staves
  2605 | D:4      | Found a bloodstained altar of Trog.
  2929 | D:5      | Entered Level 5 of the Dungeon
  2934 | D:5      | Noticed Blork the orc
  2955 | D:5      | Killed Blork the orc
  2955 | D:5      | Reached XP level 8. HP: 64/78 MP: 7/7
  3033 | D:5      | Noticed Eustachio
  3043 | D:5      | Killed Eustachio
  3043 | D:5      | Reached skill level 10 in Staves
  3221 | D:5      | Noticed Prince Ribbit
  3512 | D:5      | Killed Prince Ribbit
  3512 | D:5      | Reached skill level 11 in Staves
  4458 | D:6      | Noticed Menkaure
  4467 | D:6      | Killed Menkaure
  4709 | D:6      | Reached XP level 9. HP: 88/90 MP: 8/8
  4997 | D:6      | Reached skill level 12 in Staves
  5168 | D:7      | HP: 2/90 [killer bee (5)]
  5169 | D:7      | Slain by a killer bee

Vault maps used:
D:1:      denvon_arrival_planthouse
D:2:      good_gods_temple_1
D:3:      gammafunk_temple_overflow_elements
D:4:      bloody_trog
D:5:      first_bread, uniq_prince_ribbit1, uniq_eustachio, uniq_blork_the_orc
D:6:      enter_ossuary_4, kennysheep_nondescript, kennysheep_generic_room_4,
          uniq_menkaure
D:7:      temple_doors_c

Action                   |  1- 3 |  4- 6 |  7- 9 || total
-------------------------+-------+-------+-------++-------
Melee: Quarterstaff      |    79 |   142 |   204 ||   425
  Use: Scroll            |     3 |     2 |     4 ||     9
       Potion            |       |     2 |     4 ||     6
  Eat: Chunk             |       |     4 |     7 ||    11
       Pizza             |       |       |     1 ||     1
       Beef jerky        |       |       |     1 ||     1
